Influenza vs Scraper
(R2)
Created - 27 avril 2014 at 08:13
Goals
|
| Influenza |
0 |
4 |
1 |
5 |
| Scraper |
1 |
2 |
5 |
8 |
|
Shots
|
| Influenza |
4 |
13 |
8 |
25 |
| Scraper |
7 |
12 |
19 |
38 |
|
1st period
1. Scraper , Petr Sykora 9 (Aaron Ward, Valeri Bure) at 19:56 (SH)
Penalties :
Ben Smith (VJB) for Slashing (Minor) at 2:33, Eric Gryba (Out) for Slashing (Minor) at 5:09, Martins Karsums (VJB) for Interference (Minor) at 8:53, Eric Gryba (Out) for Hooking (Minor) at 13:59, Michael Del Zotto (Out) for Holding (Minor) at 19:43
2nd period
2. Influenza , Jeff Halpern 2 (Ryan Vesce, Rob Schremp) at 4:03
3. Scraper , Alexander Radulov 10 (Jamie Benn, Pernell Karl Subban) at 6:09
4. Influenza , Justin Abdelkader 16 (Alexander Sulzer, Jamie McBain) at 10:05 (SH)
5. Scraper , Valeri Bure 4 (Jamie Benn, Logan Couture) at 10:25 (PP)
6. Influenza , Robbie Earl 1 (Jeff Halpern, Ryan Vesce) at 12:45
7. Influenza , Corey Tropp 2 (Cody McCormick, Ryan Carter) at 16:14
Penalties :
Jeff Halpern (VJB) for Tripping (Minor) at 8:07, Jaime Sifers (VJB) for Hooking (Minor) at 8:30, Pernell Karl Subban (Out) for Hooking (Minor) at 14:06, Justin Abdelkader (VJB) for Hooking (Minor) at 18:38
3rd period
8. Scraper , Jamie Benn 2 (Valeri Bure, Logan Couture) at 3:34 (PP)
9. Scraper , Alexander Radulov 11 (Jamie Benn) at 7:19
10. Scraper , Valeri Bure 5 (Logan Couture, Peter Mannino) at 11:50 (PP)
11. Scraper , Riley Armstrong 8 (Petr Sykora) at 13:21
12. Scraper , Martin Hanzal 2 (Paul Ranger, Valeri Bure) at 15:11
13. Influenza , Martins Karsums 5 (Rob Schremp, Noah Welch) at 17:46 (PP)
Penalties :
Jeff Halpern (VJB) for Boarding (Minor) at 2:17, Martins Karsums (VJB) for Boarding (Minor) at 7:22, Pierre-Cédric Labrie (VJB) for Hooking (Minor) at 11:35, Martin Hanzal (Out) for Roughing (Minor) at 16:00, Eric Gryba (Out) for Interference (Minor) at 19:09
Goalie Stats
Brent Krahn (VJB), 30 saves from 38 shots - (0,789), L, 6-2-0, 60:00 minutes
Peter Mannino (Out), 20 saves from 25 shots - (0,800), W, 7-3-0, 60:00 minutes
Players Stats for Influenza
Player Name G A P +/- PIM S H SB GA TA FO MP PP MP PK MP
------------------------------------------------------------------------------------
Alexander Sulzer 0 1 1 1 0 2 0 2 0 1 0/0 20:38 4:11 4:09
Ben Smith 0 0 0 0 2 1 1 1 0 0 0/0 9:14 0:08 0:00
Brian Salcido 0 0 0 1 0 0 0 1 0 1 0/0 9:24 0:00 1:00
Carl Gunnarsson 0 0 0 1 0 0 1 0 0 0 0/0 8:24 0:00 0:00
Cody McCormick 0 1 1 0 0 0 0 0 1 1 4/6 7:51 0:08 0:22
Corey Tropp 1 0 1 0 0 2 0 0 0 0 0/0 7:16 0:00 0:00
Jaime Sifers 0 0 0 -3 2 4 1 5 0 1 0/0 29:57 6:21 6:36
Jamie McBain 0 1 1 1 0 3 1 1 0 0 0/0 20:38 4:11 4:09
Jeff Halpern 1 1 2 1 4 1 0 0 0 1 4/9 16:08 4:18 2:08
Justin Abdelkader 1 0 1 -2 2 3 2 2 2 2 1/3 23:51 6:06 6:09
Martins Karsums 1 0 1 -3 4 1 1 1 1 1 1/2 17:41 6:06 0:00
Noah Welch 0 1 1 -3 0 0 0 2 0 0 0/0 30:58 6:21 7:37
Pierre-Cédric Labrie 0 0 0 0 2 1 0 1 0 0 1/1 10:58 0:00 1:54
Rob Schremp 0 2 2 -3 0 3 1 0 0 1 22/52 25:07 6:14 7:21
Robbie Earl 1 0 1 1 0 1 2 1 0 0 0/0 15:22 4:18 1:22
Ryan Carter 0 1 1 0 0 1 0 0 0 0 4/6 11:33 0:00 2:21
Ryan Russell 0 0 0 0 0 0 2 0 0 0 0/0 7:35 0:00 0:19
Ryan Vesce 0 2 2 1 0 2 1 0 1 0 0/0 13:55 4:18 0:00
Players Stats for Scraper
Player Name G A P +/- PIM S H SB GA TA FO MP PP MP PK MP
------------------------------------------------------------------------------------
Aaron Voros 0 0 0 -1 0 1 2 0 0 0 0/2 15:44 4:59 1:10
Aaron Ward 0 1 1 1 0 6 0 2 2 0 0/0 30:44 7:47 6:21
Alexander Radulov 2 0 2 1 0 4 1 0 2 0 0/1 21:57 5:07 3:20
Ben Eager 0 0 0 0 0 1 1 0 0 0 0/0 8:57 0:08 0:00
Eric Gryba 0 0 0 -2 6 0 0 0 0 1 0/0 8:47 0:00 0:32
Jamie Benn 1 3 4 2 0 2 0 0 0 0 2/3 19:02 6:39 0:00
Karl Alzner 0 0 0 -1 0 1 2 1 0 0 0/0 10:16 0:00 3:32
Logan Couture 0 3 3 2 0 1 1 0 1 0 17/38 19:11 6:39 0:09
Martin Hanzal 1 0 1 0 2 2 0 1 0 0 5/8 8:56 0:08 0:00
Matt Martin 0 0 0 0 0 1 0 0 0 0 0/1 7:39 0:00 1:35
Michael Del Zotto 0 0 0 2 2 2 0 3 1 0 0/0 19:26 3:59 0:55
Mike Knuble 0 0 0 0 0 3 1 1 0 0 1/1 10:06 0:00 3:20
Paul Ranger 0 1 1 2 0 3 3 2 1 3 0/0 24:37 3:59 6:57
Pernell Karl Subban 0 1 1 -1 2 2 3 2 1 1 0/0 27:12 7:47 2:47
Petr Sykora 1 1 2 0 0 1 0 0 0 0 1/1 15:26 0:00 5:50
Riley Armstrong 1 0 1 -1 0 1 0 1 0 0 4/6 14:34 4:59 0:00
Roman Cervenka 0 0 0 0 0 0 1 1 0 0 0/2 5:48 0:00 0:00
Valeri Bure 2 3 5 0 0 7 2 0 1 0 12/16 21:00 6:39 5:40
3 Stars
1 - Valeri Bure (Out)
2 - Jamie Benn (Out)
3 - Alexander Radulov (Out)
Power Play
Influenza - 1 on 6 Attempt(s) - 16,67%
Scraper - 3 on 8 Attempt(s) - 37,50%
Penalty Kill
Influenza - 5 on 8 Attempt(s) - 62,50%
- Score 1 goal in Penalty Kill
Scraper - 5 on 6 Attempt(s) - 83,33%
- Score 1 goal in Penalty Kill
Official
Referees : Jackson Dave and LaRue Dennis
Linesman : Mark Wheler and Mike Cvik
Game Notes
No Game Note
Finance
Level 1 -- Attendance: 1873 (93,65%) -- Ticket Income 74 920 $
Level 2 -- Attendance: 1000 (100,00%) -- Ticket Income 20 000 $
Total Attendance: 2873 (95,77%)
Total Ticket Income: 94 920 $
Other Income: 4 746 $
Total Income: 99 666 $
Influenza
5 vs 5 Forward
Center Left Wing Right Wing Time % Phy DF OF
1 Rob Schremp Justin Abdelkader Martins Karsums 40 1 2 2
2 Jeff Halpern Robbie Earl Ryan Vesce 30 1 2 2
3 Ryan Carter Pierre-Cédric Labrie Ben Smith 20 1 2 2
4 Cody McCormick Ryan Russell Corey Tropp 10 1 2 2
5 vs 5 Defense
Defense Defense Time % Phy DF OF
1 Noah Welch Jaime Sifers 40 1 2 2
2 Jamie McBain Alexander Sulzer 30 1 2 2
3 Carl Gunnarsson Brian Salcido 20 1 2 2
4 Noah Welch Jaime Sifers 10 1 2 2
PowerPlay Forward
Center Left Wing Right Wing Time % Phy DF OF
1 Rob Schremp Justin Abdelkader Martins Karsums 60 1 2 2
2 Jeff Halpern Robbie Earl Ryan Vesce 40 1 2 2
PowerPlay Defense
Defense Defense Time % Phy DF OF
1 Noah Welch Jaime Sifers 60 1 2 2
2 Jamie McBain Alexander Sulzer 40 1 2 2
Penalty Kill 4 Players Forward
Center Wing Time % Phy DF OF
1 Rob Schremp Justin Abdelkader 60 1 2 2
2 Jeff Halpern Ryan Carter 40 1 2 2
Penalty Kill 4 Players Defense
Defense Defense Time % Phy DF OF
1 Noah Welch Jaime Sifers 60 1 2 2
2 Jamie McBain Alexander Sulzer 40 1 2 2
Penalty Kill - 3 Players Forward
Forward Time % Phy DF OF
1 Rob Schremp 60 1 2 2
2 Justin Abdelkader 40 1 2 2
Penalty Kill - 3 Players Defense
Defense Defense Time % Phy DF OF
1 Noah Welch Jaime Sifers 60 1 2 2
2 Jamie McBain Alexander Sulzer 40 1 2 2
4 vs 4 Forward
Center Wing Time % Phy DF OF
1 Rob Schremp Justin Abdelkader 60 1 2 2
2 Jeff Halpern Ryan Carter 40 1 2 2
4 vs 4 Defense
Defense Defense Time % Phy DF OF
1 Noah Welch Jaime Sifers 60 1 2 2
2 Jamie McBain Alexander Sulzer 40 1 2 2
Last Minutes Offensive
Center Left Wing Right Wing Defense Defense
Rob Schremp Justin Abdelkader Martins Karsums Noah Welch Jaime Sifers
Last Minutes Defensive
Center Left Wing Right Wing Defense Defense
Rob Schremp Justin Abdelkader Martins Karsums Noah Welch Jaime Sifers
Goaltenders
Starting : Brent Krahn
Backup : Alex Stalock
Extra Forwards
Normal : Cody McCormick, Ben Smith, Pierre-Cédric Labrie - PP : Cody McCormick, Ben Smith - PK : Pierre-Cédric Labrie
Extra Defensemen
Normal : Carl Gunnarsson, Brian Salcido, Jamie McBain - PP : Carl Gunnarsson - PK : Brian Salcido, Jamie McBain
Penalty Shots
Rob Schremp, Justin Abdelkader, Jeff Halpern, Ryan Carter, Martins Karsums
Scraper
5 vs 5 Forward
Center Left Wing Right Wing Time % Phy DF OF
1 Logan Couture Jamie Benn Alexander Radulov 40 1 2 2
2 Riley Armstrong Aaron Voros Petr Sykora 30 1 2 2
3 Martin Hanzal Ben Eager Valeri Bure 20 1 2 2
4 Roman Cervenka Matt Martin Mike Knuble 10 1 2 2
5 vs 5 Defense
Defense Defense Time % Phy DF OF
1 Aaron Ward Pernell Karl Subban 40 1 2 2
2 Paul Ranger Michael Del Zotto 35 1 2 2
3 Eric Gryba Karl Alzner 15 1 2 2
4 Aaron Ward Paul Ranger 10 1 2 2
PowerPlay Forward
Center Left Wing Right Wing Time % Phy DF OF
1 Logan Couture Jamie Benn Valeri Bure 60 1 2 2
2 Riley Armstrong Aaron Voros Alexander Radulov 40 1 2 2
PowerPlay Defense
Defense Defense Time % Phy DF OF
1 Aaron Ward Pernell Karl Subban 60 1 2 2
2 Michael Del Zotto Paul Ranger 40 1 2 2
Penalty Kill 4 Players Forward
Center Wing Time % Phy DF OF
1 Valeri Bure Petr Sykora 60 1 2 2
2 Alexander Radulov Mike Knuble 40 1 2 2
Penalty Kill 4 Players Defense
Defense Defense Time % Phy DF OF
1 Aaron Ward Paul Ranger 60 1 2 2
2 Pernell Karl Subban Karl Alzner 40 1 2 2
Penalty Kill - 3 Players Forward
Forward Time % Phy DF OF
1 Valeri Bure 60 1 2 2
2 Petr Sykora 40 1 2 2
Penalty Kill - 3 Players Defense
Defense Defense Time % Phy DF OF
1 Aaron Ward Paul Ranger 60 1 2 2
2 Pernell Karl Subban Karl Alzner 40 1 2 2
4 vs 4 Forward
Center Wing Time % Phy DF OF
1 Valeri Bure Petr Sykora 60 1 2 2
2 Alexander Radulov Mike Knuble 40 1 2 2
4 vs 4 Defense
Defense Defense Time % Phy DF OF
1 Aaron Ward Paul Ranger 60 1 2 2
2 Pernell Karl Subban Karl Alzner 40 1 2 2
Last Minutes Offensive
Center Left Wing Right Wing Defense Defense
Logan Couture Jamie Benn Alexander Radulov Aaron Ward Pernell Karl Subban
Last Minutes Defensive
Center Left Wing Right Wing Defense Defense
Riley Armstrong Ben Eager Valeri Bure Aaron Ward Paul Ranger
Goaltenders
Starting : Peter Mannino
Backup : Joacim Eriksson
Extra Forwards
Normal : Logan Couture, Jamie Benn, Matt Martin - PP : Logan Couture, Jamie Benn - PK : Matt Martin
Extra Defensemen
Normal : Eric Gryba, Michael Del Zotto, Pernell Karl Subban - PP : Eric Gryba - PK : Michael Del Zotto, Pernell Karl Subban
Penalty Shots
Valeri Bure, Petr Sykora, Alexander Radulov, Mike Knuble, Riley Armstrong
% Time on Ice - Influenza
Lines # - Real PCT - Wanted PCT - Time Play
Normal Forward
1 - 31% - 40% - 11:37
2 - 26% - 30% - 9:44
3 - 24% - 20% - 9:05
4 - 19% - 10% - 7:16
Normal Defense
1 - 45% - 40% - 17:00
2 - 33% - 30% - 12:18
3 - 22% - 20% - 8:24
4 - 0% - 10% - 0:00
PP Forward
1 - 59% - 60% - 6:14
2 - 41% - 40% - 4:18
PP Defense
1 - 60% - 60% - 6:21
2 - 40% - 40% - 4:11
PK Forward
1 - 77% - 60% - 7:49
2 - 23% - 40% - 2:21
PK Defense
1 - 68% - 60% - 6:56
2 - 32% - 40% - 3:14
PK3 Forward
1 - 43% - 60% - 0:41
2 - 57% - 40% - 0:55
PK3 Defense
1 - 43% - 60% - 0:41
2 - 57% - 40% - 0:55
44 Forward
1 - 0% - 60%
2 - 0% - 40%
44 Defense
1 - 0% - 60%
2 - 0% - 40%
Last Minute Offensive - 0:00
Last Minute Defensive - 0:00
Total
Forward - 60:00
Defense - 60:00
|
% Time on Ice - Scraper
Lines # - Real PCT - Wanted PCT - Time Play
Normal Forward
1 - 33% - 40% - 12:32
2 - 28% - 30% - 10:34
3 - 23% - 20% - 8:48
4 - 15% - 10% - 5:48
Normal Defense
1 - 45% - 40% - 16:49
2 - 36% - 35% - 13:45
3 - 17% - 15% - 6:29
4 - 2% - 10% - 0:39
PP Forward
1 - 57% - 60% - 6:39
2 - 43% - 40% - 5:07
PP Defense
1 - 66% - 60% - 7:47
2 - 34% - 40% - 3:59
PK Forward
1 - 68% - 60% - 7:12
2 - 32% - 40% - 3:20
PK Defense
1 - 61% - 60% - 6:28
2 - 39% - 40% - 4:04
PK3 Forward
1 - 0% - 60%
2 - 0% - 40%
PK3 Defense
1 - 0% - 60%
2 - 0% - 40%
44 Forward
1 - 0% - 60%
2 - 0% - 40%
44 Defense
1 - 0% - 60%
2 - 0% - 40%
Last Minute Offensive - 0:00
Last Minute Defensive - 0:00
Total
Forward - 60:00
Defense - 60:00
|
Play by Play
1st period
0:01 of 1st period - Logan Couture wins face-off versus Rob Schremp in neutral zone.
0:06 of 1st period - Snap shot by Jamie Benn.
0:06 of 1st period - Deflect By Alexander Radulov.
0:06 of 1st period - Shot Blocked by Jaime Sifers.
0:06 of 1st period - Puck is out of play.
0:07 of 1st period - Rob Schremp wins face-off versus Logan Couture in Influenza zone.
0:14 of 1st period - Wrist shot by Justin Abdelkader.
0:14 of 1st period - Stopped by Peter Mannino with a rebound.
0:23 of 1st period - Off-side.
0:24 of 1st period - Riley Armstrong wins face-off versus Jeff Halpern in neutral zone.
0:54 of 1st period - Jamie McBain is hit by Karl Alzner and loses puck.
1:51 of 1st period - Aaron Voros is hit by Carl Gunnarsson and loses puck.
2:12 of 1st period - Wrist shot by Ryan Vesce.
2:12 of 1st period - Shot Blocked by Roman Cervenka.
2:28 of 1st period - Backhand shot by Valeri Bure.
2:28 of 1st period - Stopped by Brent Krahn with a rebound.
2:33 of 1st period - Minor Penalty to Ben Smith for Slashing.
2:34 of 1st period - Rob Schremp wins face-off versus Logan Couture in Influenza zone.
2:38 of 1st period - Slapshot by Valeri Bure.
2:38 of 1st period - Shot Misses the Net.
2:42 of 1st period - Wrist shot by Valeri Bure.
2:42 of 1st period - Deflect By Jamie Benn.
2:42 of 1st period - Shot Blocked by Noah Welch.
2:42 of 1st period - Puck is out of play.
2:43 of 1st period - Rob Schremp wins face-off versus Jamie Benn in Influenza zone.
2:43 of 1st period - Rob Schremp is hit by Paul Ranger.
3:05 of 1st period - Wrist shot by Logan Couture.
3:05 of 1st period - Deflect By Valeri Bure.
3:05 of 1st period - Shot Misses the Net.
3:05 of 1st period - Puck is out of play.
3:06 of 1st period - Jeff Halpern wins face-off versus Riley Armstrong in Influenza zone.
3:29 of 1st period - Aaron Ward is hit by Jamie McBain and loses puck.
3:38 of 1st period - Snap shot by Ryan Carter.
3:38 of 1st period - Stopped by Peter Mannino with a rebound.
4:33 of 1st period - Penalty to Ben Smith is over, Ben Smith is back on ice.
5:09 of 1st period - Minor Penalty to Eric Gryba for Slashing.
5:10 of 1st period - Rob Schremp wins face-off versus Valeri Bure in Scraper zone.
5:11 of 1st period - Wrist shot by Justin Abdelkader.
5:11 of 1st period - Shot Blocked by Aaron Ward.
5:13 of 1st period - Snap shot by Jaime Sifers.
5:13 of 1st period - Stopped by Peter Mannino with a rebound.
5:35 of 1st period - Jeff Halpern is hit by Alexander Radulov and loses puck.
6:26 of 1st period - Valeri Bure is hit by Martins Karsums and loses puck.
7:01 of 1st period - Noah Welch is hit by Mike Knuble and loses puck.
7:09 of 1st period - Penalty to Eric Gryba is over, Eric Gryba is back on ice.
7:56 of 1st period - Michael Del Zotto is hit by Ryan Russell.
8:17 of 1st period - Icing by Michael Del Zotto.
8:18 of 1st period - Cody McCormick wins face-off versus Martin Hanzal in Scraper zone.
8:19 of 1st period - Wrist shot by Corey Tropp.
8:19 of 1st period - Stopped by Peter Mannino without a rebound.
8:20 of 1st period - Martin Hanzal wins face-off versus Cody McCormick in Scraper zone.
8:53 of 1st period - Minor Penalty to Martins Karsums for Interference.
8:54 of 1st period - Logan Couture wins face-off versus Rob Schremp in Influenza zone.
8:56 of 1st period - Snap shot by Valeri Bure.
8:56 of 1st period - Shot Blocked by Justin Abdelkader.
9:32 of 1st period - Snap shot by Alexander Radulov.
9:32 of 1st period - Deflect By Aaron Voros.
9:32 of 1st period - Shot Misses the Net.
9:32 of 1st period - Puck is out of play.
9:33 of 1st period - Riley Armstrong wins face-off versus Rob Schremp in Influenza zone.
10:53 of 1st period - Penalty to Martins Karsums is over, Martins Karsums is back on ice.
11:12 of 1st period - Icing by Roman Cervenka.
11:13 of 1st period - Jeff Halpern wins face-off versus Matt Martin in Scraper zone.
11:31 of 1st period - Wrist shot by Mike Knuble.
11:31 of 1st period - Stopped by Brent Krahn with a rebound.
11:49 of 1st period - Slapshot by Paul Ranger.
11:49 of 1st period - Shot Blocked by Brian Salcido.
11:57 of 1st period - Wrist shot by Mike Knuble.
11:57 of 1st period - Shot Misses the Net.
11:59 of 1st period - Snap shot by Mike Knuble.
11:59 of 1st period - Stopped by Brent Krahn with a rebound.
12:01 of 1st period - Slapshot by Michael Del Zotto.
12:01 of 1st period - Deflect By Matt Martin.
12:01 of 1st period - Stopped by Brent Krahn with a rebound.
12:03 of 1st period - Slapshot by Michael Del Zotto.
12:03 of 1st period - Stopped by Brent Krahn without a rebound.
12:04 of 1st period - Martins Karsums wins face-off versus Logan Couture in Influenza zone.
12:04 of 1st period - Martins Karsums is hit by Pernell Karl Subban.
12:42 of 1st period - Snap shot by Logan Couture.
12:42 of 1st period - Shot Blocked by Jaime Sifers.
13:17 of 1st period - Icing by Alexander Sulzer.
13:18 of 1st period - Martin Hanzal wins face-off versus Rob Schremp in Influenza zone.
13:51 of 1st period - Slapshot by Jeff Halpern.
13:51 of 1st period - Shot Misses the Net.
13:53 of 1st period - Wrist shot by Robbie Earl.
13:53 of 1st period - Shot Misses the Net.
13:59 of 1st period - Minor Penalty to Eric Gryba for Hooking.
14:00 of 1st period - Valeri Bure wins face-off versus Rob Schremp in Scraper zone.
14:40 of 1st period - Alexander Radulov is hit by Robbie Earl and loses puck.
15:59 of 1st period - Penalty to Eric Gryba is over, Eric Gryba is back on ice.
16:10 of 1st period - Icing by Eric Gryba.
16:11 of 1st period - Ryan Carter wins face-off versus Alexander Radulov in Scraper zone.
16:35 of 1st period - Off-side.
16:36 of 1st period - Riley Armstrong wins face-off versus Cody McCormick in neutral zone.
17:01 of 1st period - Noah Welch is hit by Valeri Bure and loses puck.
17:38 of 1st period - Off-side.
17:39 of 1st period - Mike Knuble wins face-off versus Ryan Carter in neutral zone.
17:51 of 1st period - Snap shot by Mike Knuble.
17:51 of 1st period - Shot Misses the Net.
18:05 of 1st period - Jamie Benn is hit by Rob Schremp and loses puck.
18:37 of 1st period - Icing by Ryan Vesce.
18:38 of 1st period - Logan Couture wins face-off versus Jeff Halpern in Influenza zone.
18:39 of 1st period - Snap shot by Alexander Radulov.
18:39 of 1st period - Stopped by Brent Krahn without a rebound.
18:40 of 1st period - Rob Schremp wins face-off versus Logan Couture in Influenza zone.
19:28 of 1st period - Jamie McBain is hit by Valeri Bure and loses puck.
19:32 of 1st period - Icing by Jamie McBain.
19:33 of 1st period - Martin Hanzal wins face-off versus Ryan Carter in Influenza zone.
19:34 of 1st period - Slapshot by Valeri Bure.
19:34 of 1st period - Shot Misses the Net.
19:43 of 1st period - Minor Penalty to Michael Del Zotto for Holding.
19:44 of 1st period - Valeri Bure wins face-off versus Justin Abdelkader in Scraper zone.
19:56 of 1st period - Slapshot by Petr Sykora.
19:56 of 1st period - Goal by Petr Sykora - Influenza : 0 - Scraper : 1.
19:57 of 1st period - Valeri Bure wins face-off versus Rob Schremp in neutral zone.
Goals for this period are 0 for Influenza vs 1 for Scraper.
Shots for this period are 4 for Influenza vs 7 for Scraper.
2nd period
0:01 of 2nd period - Valeri Bure wins face-off versus Rob Schremp in neutral zone.
1:43 of 2nd period - Penalty to Michael Del Zotto is over, Michael Del Zotto is back on ice.
2:45 of 2nd period - Wrist shot by Matt Martin.
2:45 of 2nd period - Shot Misses the Net.
3:33 of 2nd period - Slapshot by Rob Schremp.
3:33 of 2nd period - Stopped by Peter Mannino without a rebound.
3:34 of 2nd period - Rob Schremp wins face-off versus Logan Couture in Scraper zone.
3:41 of 2nd period - Wrist shot by Alexander Radulov.
3:41 of 2nd period - Shot Blocked by Jamie McBain.
4:03 of 2nd period - Backhand shot by Jeff Halpern.
4:03 of 2nd period - Goal by Jeff Halpern - Influenza : 1 - Scraper : 1.
4:04 of 2nd period - Rob Schremp wins face-off versus Logan Couture in neutral zone.
4:09 of 2nd period - Slapshot by Noah Welch.
4:09 of 2nd period - Shot Blocked by Paul Ranger.
4:56 of 2nd period - Backhand shot by Valeri Bure.
4:56 of 2nd period - Shot Misses the Net.
4:58 of 2nd period - Slapshot by Paul Ranger.
4:58 of 2nd period - Stopped by Brent Krahn with a rebound.
5:00 of 2nd period - Snap shot by Paul Ranger.
5:00 of 2nd period - Stopped by Brent Krahn with a rebound.
5:02 of 2nd period - Snap shot by Ben Eager.
5:02 of 2nd period - Deflect By Valeri Bure.
5:02 of 2nd period - Stopped by Brent Krahn with a rebound.
5:18 of 2nd period - Slapshot by Alexander Sulzer.
5:18 of 2nd period - Stopped by Peter Mannino with a rebound.
5:37 of 2nd period - Off-side.
5:38 of 2nd period - Rob Schremp wins face-off versus Logan Couture in neutral zone.
5:57 of 2nd period - Snap shot by Logan Couture.
5:57 of 2nd period - Shot Misses the Net.
5:59 of 2nd period - Slapshot by Karl Alzner.
5:59 of 2nd period - Stopped by Brent Krahn with a rebound.
6:01 of 2nd period - Snap shot by Jamie Benn.
6:01 of 2nd period - Shot Misses the Net.
6:03 of 2nd period - Snap shot by Jamie Benn.
6:03 of 2nd period - Stopped by Brent Krahn with a rebound.
6:05 of 2nd period - Slapshot by Aaron Ward.
6:05 of 2nd period - Deflect By Jaime Sifers.
6:05 of 2nd period - Stopped by Brent Krahn with a rebound.
6:07 of 2nd period - Slapshot by Pernell Karl Subban.
6:07 of 2nd period - Stopped by Brent Krahn with a rebound.
6:09 of 2nd period - Snap shot by Jamie Benn.
6:09 of 2nd period - Deflect By Alexander Radulov.
6:09 of 2nd period - Goal by Alexander Radulov - Influenza : 1 - Scraper : 2.
6:10 of 2nd period - Rob Schremp wins face-off versus Logan Couture in neutral zone.
7:27 of 2nd period - Wrist shot by Mike Knuble.
7:27 of 2nd period - Shot Misses the Net.
7:29 of 2nd period - Snap shot by Mike Knuble.
7:29 of 2nd period - Stopped by Brent Krahn with a rebound.
7:31 of 2nd period - Wrist shot by Roman Cervenka.
7:31 of 2nd period - Shot Blocked by Ben Smith.
7:53 of 2nd period - Jamie Benn is hit by Justin Abdelkader and loses puck.
8:07 of 2nd period - Minor Penalty to Jeff Halpern for Tripping.
8:08 of 2nd period - Logan Couture wins face-off versus Rob Schremp in Influenza zone.
8:22 of 2nd period - Slapshot by Aaron Ward.
8:22 of 2nd period - Shot Blocked by Jaime Sifers.
8:24 of 2nd period - Snap shot by Aaron Ward.
8:24 of 2nd period - Shot Blocked by Justin Abdelkader.
8:30 of 2nd period - Minor Penalty to Jaime Sifers for Hooking.
8:31 of 2nd period - Logan Couture wins face-off versus Rob Schremp in Influenza zone.
9:07 of 2nd period - Snap shot by Alexander Radulov.
9:07 of 2nd period - Shot Misses the Net.
9:21 of 2nd period - Backhand shot by Jamie McBain.
9:21 of 2nd period - Stopped by Peter Mannino with a rebound.
9:39 of 2nd period - Backhand shot by Alexander Radulov.
9:39 of 2nd period - Shot Misses the Net.
9:53 of 2nd period - Snap shot by Justin Abdelkader.
9:53 of 2nd period - Shot Blocked by Pernell Karl Subban.
9:55 of 2nd period - Slapshot by Jamie McBain.
9:55 of 2nd period - Shot Misses the Net.
9:57 of 2nd period - Snap shot by Justin Abdelkader.
9:57 of 2nd period - Shot Misses the Net.
9:59 of 2nd period - Slapshot by Alexander Sulzer.
9:59 of 2nd period - Deflect By Alexander Radulov.
9:59 of 2nd period - Stopped by Peter Mannino with a rebound.
10:01 of 2nd period - Backhand shot by Jamie McBain.
10:01 of 2nd period - Stopped by Peter Mannino with a rebound.
10:03 of 2nd period - Slapshot by Alexander Sulzer.
10:03 of 2nd period - Shot Blocked by Pernell Karl Subban.
10:05 of 2nd period - Snap shot by Justin Abdelkader.
10:05 of 2nd period - Goal by Justin Abdelkader - Influenza : 2 - Scraper : 2.
10:06 of 2nd period - Rob Schremp wins face-off versus Logan Couture in neutral zone.
10:07 of 2nd period - Penalty to Jeff Halpern is over, Jeff Halpern is back on ice.
10:09 of 2nd period - Slapshot by Noah Welch.
10:09 of 2nd period - Deflect By Rob Schremp.
10:09 of 2nd period - Shot Blocked by Michael Del Zotto.
10:09 of 2nd period - Puck is out of play.
10:10 of 2nd period - Valeri Bure wins face-off versus Rob Schremp in Scraper zone.
10:25 of 2nd period - Snap shot by Valeri Bure.
10:25 of 2nd period - Goal by Valeri Bure - Influenza : 2 - Scraper : 3.
10:26 of 2nd period - Logan Couture wins face-off versus Rob Schremp in neutral zone.
11:20 of 2nd period - Snap shot by Valeri Bure.
11:20 of 2nd period - Shot Blocked by Pierre-Cédric Labrie.
11:48 of 2nd period - Slapshot by Alexander Radulov.
11:48 of 2nd period - Deflect By Logan Couture.
11:48 of 2nd period - Shot Misses the Net.
11:48 of 2nd period - Puck is out of play.
11:49 of 2nd period - Cody McCormick wins face-off versus Logan Couture in Influenza zone.
11:54 of 2nd period - Snap shot by Alexander Sulzer.
11:54 of 2nd period - Shot Misses the Net.
12:14 of 2nd period - Martins Karsums is hit by Aaron Voros and loses puck.
12:43 of 2nd period - Wrist shot by Ryan Vesce.
12:43 of 2nd period - Stopped by Peter Mannino with a rebound.
12:45 of 2nd period - Slapshot by Jeff Halpern.
12:45 of 2nd period - Deflect By Robbie Earl.
12:45 of 2nd period - Goal by Robbie Earl - Influenza : 3 - Scraper : 3.
12:46 of 2nd period - Logan Couture wins face-off versus Rob Schremp in neutral zone.
12:53 of 2nd period - Slapshot by Rob Schremp.
12:53 of 2nd period - Stopped by Peter Mannino without a rebound.
12:54 of 2nd period - Rob Schremp wins face-off versus Logan Couture in Scraper zone.
12:59 of 2nd period - Wrist shot by Rob Schremp.
12:59 of 2nd period - Stopped by Peter Mannino without a rebound.
13:00 of 2nd period - Logan Couture wins face-off versus Rob Schremp in Scraper zone.
14:06 of 2nd period - Minor Penalty to Pernell Karl Subban for Hooking.
14:07 of 2nd period - Valeri Bure wins face-off versus Rob Schremp in Scraper zone.
14:18 of 2nd period - Slapshot by Jaime Sifers.
14:18 of 2nd period - Stopped by Peter Mannino with a rebound.
15:24 of 2nd period - Martins Karsums is hit by Karl Alzner and loses puck.
15:55 of 2nd period - Eric Gryba is hit by Ben Smith and loses puck.
16:06 of 2nd period - Penalty to Pernell Karl Subban is over, Pernell Karl Subban is back on ice.
16:12 of 2nd period - Slapshot by Cody McCormick.
16:12 of 2nd period - Shot Misses the Net.
16:14 of 2nd period - Wrist shot by Corey Tropp.
16:14 of 2nd period - Goal by Corey Tropp - Influenza : 4 - Scraper : 3.
16:15 of 2nd period - Logan Couture wins face-off versus Martins Karsums in neutral zone.
17:02 of 2nd period - Icing by Ben Smith.
17:03 of 2nd period - Martin Hanzal wins face-off versus Jeff Halpern in Influenza zone.
17:55 of 2nd period - Wrist shot by Ryan Carter.
17:55 of 2nd period - Shot Misses the Net.
17:57 of 2nd period - Wrist shot by Pierre-Cédric Labrie.
17:57 of 2nd period - Shot Misses the Net.
17:59 of 2nd period - Wrist shot by Pierre-Cédric Labrie.
17:59 of 2nd period - Shot Misses the Net.
18:11 of 2nd period - Slapshot by Corey Tropp.
18:11 of 2nd period - Deflect By Michael Del Zotto.
18:11 of 2nd period - Shot Blocked by Michael Del Zotto.
18:11 of 2nd period - Puck is out of play.
18:12 of 2nd period - Cody McCormick wins face-off versus Roman Cervenka in Scraper zone.
18:13 of 2nd period - Slapshot by Jamie McBain.
18:13 of 2nd period - Shot Blocked by Aaron Ward.
18:21 of 2nd period - Wrist shot by Mike Knuble.
18:21 of 2nd period - Shot Blocked by Alexander Sulzer.
18:23 of 2nd period - Wrist shot by Pernell Karl Subban.
18:23 of 2nd period - Shot Blocked by Alexander Sulzer.
18:25 of 2nd period - Slapshot by Pernell Karl Subban.
18:25 of 2nd period - Deflect By Jamie McBain.
18:25 of 2nd period - Stopped by Brent Krahn without a rebound.
18:26 of 2nd period - Logan Couture wins face-off versus Rob Schremp in Influenza zone.
18:33 of 2nd period - Slapshot by Jamie Benn.
18:33 of 2nd period - Shot Misses the Net.
18:38 of 2nd period - Minor Penalty to Justin Abdelkader for Hooking.
18:39 of 2nd period - Jamie Benn wins face-off versus Rob Schremp in Influenza zone.
18:47 of 2nd period - Snap shot by Logan Couture.
18:47 of 2nd period - Stopped by Brent Krahn with a rebound.
Goals for this period are 4 for Influenza vs 2 for Scraper.
Shots for this period are 13 for Influenza vs 12 for Scraper.
3rd period
0:01 of 3rd period - Logan Couture wins face-off versus Rob Schremp in neutral zone.
0:38 of 3rd period - Penalty to Justin Abdelkader is over, Justin Abdelkader is back on ice.
0:38 of 3rd period - Slapshot by Aaron Voros.
0:38 of 3rd period - Shot Blocked by Robbie Earl.
2:10 of 3rd period - Off-side.
2:11 of 3rd period - Martin Hanzal wins face-off versus Jeff Halpern in neutral zone.
2:17 of 3rd period - Minor Penalty to Jeff Halpern for Boarding.
2:18 of 3rd period - Valeri Bure wins face-off versus Rob Schremp in Influenza zone.
2:52 of 3rd period - Slapshot by Aaron Voros.
2:52 of 3rd period - Stopped by Brent Krahn without a rebound.
2:53 of 3rd period - Pierre-Cédric Labrie wins face-off versus Logan Couture in Influenza zone.
2:58 of 3rd period - Wrist shot by Jamie McBain.
2:58 of 3rd period - Stopped by Peter Mannino without a rebound.
2:59 of 3rd period - Rob Schremp wins face-off versus Logan Couture in Scraper zone.
3:14 of 3rd period - Slapshot by Michael Del Zotto.
3:14 of 3rd period - Stopped by Brent Krahn without a rebound.
3:15 of 3rd period - Valeri Bure wins face-off versus Rob Schremp in Influenza zone.
3:20 of 3rd period - Snap shot by Logan Couture.
3:20 of 3rd period - Deflect By Valeri Bure.
3:20 of 3rd period - Shot Misses the Net.
3:20 of 3rd period - Puck is out of play.
3:21 of 3rd period - Logan Couture wins face-off versus Rob Schremp in Influenza zone.
3:22 of 3rd period - Wrist shot by Valeri Bure.
3:22 of 3rd period - Stopped by Brent Krahn with a rebound.
3:24 of 3rd period - Backhand shot by Aaron Ward.
3:24 of 3rd period - Deflect By Jamie Benn.
3:24 of 3rd period - Shot Misses the Net.
3:24 of 3rd period - Puck is out of play.
3:25 of 3rd period - Logan Couture wins face-off versus Rob Schremp in Influenza zone.
3:30 of 3rd period - Wrist shot by Valeri Bure.
3:30 of 3rd period - Shot Misses the Net.
3:32 of 3rd period - Snap shot by Jamie Benn.
3:32 of 3rd period - Shot Blocked by Jaime Sifers.
3:34 of 3rd period - Backhand shot by Jamie Benn.
3:34 of 3rd period - Goal by Jamie Benn - Influenza : 4 - Scraper : 4.
3:35 of 3rd period - Logan Couture wins face-off versus Justin Abdelkader in neutral zone.
3:40 of 3rd period - Slapshot by Alexander Radulov.
3:40 of 3rd period - Stopped by Brent Krahn without a rebound.
3:41 of 3rd period - Rob Schremp wins face-off versus Logan Couture in Influenza zone.
4:14 of 3rd period - Wrist shot by Ryan Vesce.
4:14 of 3rd period - Shot Blocked by Riley Armstrong.
4:16 of 3rd period - Wrist shot by Jaime Sifers.
4:16 of 3rd period - Stopped by Peter Mannino without a rebound.
4:17 of 3rd period - Rob Schremp wins face-off versus Logan Couture in Scraper zone.
4:24 of 3rd period - Michael Del Zotto is hit by Justin Abdelkader and loses puck.
4:43 of 3rd period - Paul Ranger is hit by Ryan Vesce and loses puck.
4:48 of 3rd period - Snap shot by Ryan Vesce.
4:48 of 3rd period - Deflect By Jeff Halpern.
4:48 of 3rd period - Shot Blocked by Paul Ranger.
4:48 of 3rd period - Puck is out of play.
4:49 of 3rd period - Jeff Halpern wins face-off versus Aaron Voros in Scraper zone.
4:59 of 3rd period - Off-side.
5:00 of 3rd period - Logan Couture wins face-off versus Rob Schremp in neutral zone.
5:03 of 3rd period - Snap shot by Aaron Ward.
5:03 of 3rd period - Stopped by Brent Krahn with a rebound.
5:26 of 3rd period - Robbie Earl is hit by Aaron Voros and loses puck.
5:37 of 3rd period - Backhand shot by Petr Sykora.
5:37 of 3rd period - Shot Misses the Net.
5:46 of 3rd period - Off-side.
5:47 of 3rd period - Ryan Carter wins face-off versus Martin Hanzal in neutral zone.
5:50 of 3rd period - Wrist shot by Jamie McBain.
5:50 of 3rd period - Shot Misses the Net.
6:05 of 3rd period - Icing by Pernell Karl Subban.
6:06 of 3rd period - Rob Schremp wins face-off versus Martin Hanzal in Scraper zone.
6:33 of 3rd period - Aaron Ward is hit by Robbie Earl.
6:59 of 3rd period - Wrist shot by Martin Hanzal.
6:59 of 3rd period - Shot Misses the Net.
7:01 of 3rd period - Slapshot by Aaron Ward.
7:01 of 3rd period - Shot Misses the Net.
7:05 of 3rd period - Wrist shot by Ben Eager.
7:05 of 3rd period - Stopped by Brent Krahn with a rebound.
7:07 of 3rd period - Slapshot by Pernell Karl Subban.
7:07 of 3rd period - Shot Misses the Net.
7:09 of 3rd period - Snap shot by Valeri Bure.
7:09 of 3rd period - Shot Misses the Net.
7:11 of 3rd period - Snap shot by Aaron Ward.
7:11 of 3rd period - Stopped by Brent Krahn with a rebound.
7:13 of 3rd period - Snap shot by Valeri Bure.
7:13 of 3rd period - Stopped by Brent Krahn with a rebound.
7:15 of 3rd period - Wrist shot by Valeri Bure.
7:15 of 3rd period - Stopped by Brent Krahn with a rebound.
7:17 of 3rd period - Slapshot by Aaron Ward.
7:17 of 3rd period - Stopped by Brent Krahn without a rebound.
7:18 of 3rd period - Jamie Benn wins face-off versus Rob Schremp in Influenza zone.
7:19 of 3rd period - Snap shot by Alexander Radulov.
7:19 of 3rd period - Goal by Alexander Radulov - Influenza : 4 - Scraper : 5.
7:20 of 3rd period - Rob Schremp wins face-off versus Logan Couture in neutral zone.
7:22 of 3rd period - Minor Penalty to Martins Karsums for Boarding.
7:23 of 3rd period - Rob Schremp wins face-off versus Logan Couture in Influenza zone.
7:23 of 3rd period - Rob Schremp is hit by Logan Couture.
9:01 of 3rd period - Pernell Karl Subban is hit by Jaime Sifers and loses puck.
9:22 of 3rd period - Penalty to Martins Karsums is over, Martins Karsums is back on ice.
9:33 of 3rd period - Slapshot by Brian Salcido.
9:33 of 3rd period - Shot Blocked by Mike Knuble.
10:05 of 3rd period - Snap shot by Jeff Halpern.
10:05 of 3rd period - Shot Misses the Net.
10:17 of 3rd period - Snap shot by Jamie McBain.
10:17 of 3rd period - Deflect By Pierre-Cédric Labrie.
10:17 of 3rd period - Stopped by Peter Mannino with a rebound.
10:42 of 3rd period - Off-side.
10:43 of 3rd period - Jeff Halpern wins face-off versus Roman Cervenka in neutral zone.
10:48 of 3rd period - Noah Welch is hit by Pernell Karl Subban and loses puck.
10:59 of 3rd period - Snap shot by Robbie Earl.
10:59 of 3rd period - Shot Blocked by Martin Hanzal.
11:09 of 3rd period - Snap shot by Martin Hanzal.
11:09 of 3rd period - Stopped by Brent Krahn without a rebound.
11:10 of 3rd period - Ryan Carter wins face-off versus Aaron Voros in Influenza zone.
11:10 of 3rd period - Ryan Carter is hit by Paul Ranger.
11:35 of 3rd period - Minor Penalty to Pierre-Cédric Labrie for Hooking.
11:36 of 3rd period - Rob Schremp wins face-off versus Logan Couture in Influenza zone.
11:50 of 3rd period - Snap shot by Valeri Bure.
11:50 of 3rd period - Goal by Valeri Bure - Influenza : 4 - Scraper : 6.
11:51 of 3rd period - Rob Schremp wins face-off versus Logan Couture in neutral zone.
12:06 of 3rd period - Snap shot by Justin Abdelkader.
12:06 of 3rd period - Shot Misses the Net.
12:38 of 3rd period - Jamie Benn is hit by Ryan Russell and loses puck.
12:53 of 3rd period - Wrist shot by Alexander Radulov.
12:53 of 3rd period - Shot Misses the Net.
12:55 of 3rd period - Slapshot by Paul Ranger.
12:55 of 3rd period - Stopped by Brent Krahn with a rebound.
12:57 of 3rd period - Slapshot by Michael Del Zotto.
12:57 of 3rd period - Shot Misses the Net.
13:04 of 3rd period - Icing by Cody McCormick.
13:05 of 3rd period - Cody McCormick wins face-off versus Riley Armstrong in Influenza zone.
13:05 of 3rd period - Cody McCormick is hit by Pernell Karl Subban.
13:21 of 3rd period - Snap shot by Riley Armstrong.
13:21 of 3rd period - Goal by Riley Armstrong - Influenza : 4 - Scraper : 7.
13:22 of 3rd period - Riley Armstrong wins face-off versus Rob Schremp in neutral zone.
13:35 of 3rd period - Wrist shot by Riley Armstrong.
13:35 of 3rd period - Shot Misses the Net.
13:37 of 3rd period - Slapshot by Aaron Ward.
13:37 of 3rd period - Shot Blocked by Martins Karsums.
14:10 of 3rd period - Backhand shot by Ben Smith.
14:10 of 3rd period - Stopped by Peter Mannino without a rebound.
14:11 of 3rd period - Ryan Carter wins face-off versus Logan Couture in Scraper zone.
14:18 of 3rd period - Backhand shot by Aaron Ward.
14:18 of 3rd period - Stopped by Brent Krahn with a rebound.
14:20 of 3rd period - Slapshot by Aaron Ward.
14:20 of 3rd period - Stopped by Brent Krahn with a rebound.
14:22 of 3rd period - Slapshot by Pernell Karl Subban.
14:22 of 3rd period - Deflect By Logan Couture.
14:22 of 3rd period - Shot Misses the Net.
14:22 of 3rd period - Puck is out of play.
14:23 of 3rd period - Logan Couture wins face-off versus Rob Schremp in Influenza zone.
14:38 of 3rd period - Snap shot by Justin Abdelkader.
14:38 of 3rd period - Deflect By Martins Karsums.
14:38 of 3rd period - Shot Blocked by Michael Del Zotto.
14:38 of 3rd period - Puck is out of play.
14:39 of 3rd period - Petr Sykora wins face-off versus Jeff Halpern in Scraper zone.
14:46 of 3rd period - Slapshot by Petr Sykora.
14:46 of 3rd period - Shot Misses the Net.
14:48 of 3rd period - Wrist shot by Aaron Voros.
14:48 of 3rd period - Shot Blocked by Jaime Sifers.
15:04 of 3rd period - Robbie Earl is hit by Ben Eager and loses puck.
15:09 of 3rd period - Snap shot by Valeri Bure.
15:09 of 3rd period - Shot Blocked by Noah Welch.
15:11 of 3rd period - Wrist shot by Paul Ranger.
15:11 of 3rd period - Deflect By Martin Hanzal.
15:11 of 3rd period - Goal by Martin Hanzal - Influenza : 4 - Scraper : 8.
15:12 of 3rd period - Logan Couture wins face-off versus Rob Schremp in neutral zone.
15:37 of 3rd period - Ryan Vesce is hit by Paul Ranger and loses puck.
16:00 of 3rd period - Minor Penalty to Martin Hanzal for Roughing.
16:01 of 3rd period - Valeri Bure wins face-off versus Rob Schremp in Scraper zone.
16:28 of 3rd period - Slapshot by Noah Welch.
16:28 of 3rd period - Shot Misses the Net.
16:30 of 3rd period - Snap shot by Robbie Earl.
16:30 of 3rd period - Deflect By Ryan Vesce.
16:30 of 3rd period - Shot Misses the Net.
16:30 of 3rd period - Puck is out of play.
16:31 of 3rd period - Valeri Bure wins face-off versus Rob Schremp in Scraper zone.
16:40 of 3rd period - Snap shot by Jaime Sifers.
16:40 of 3rd period - Shot Blocked by Karl Alzner.
16:42 of 3rd period - Slapshot by Jaime Sifers.
16:42 of 3rd period - Deflect By Valeri Bure.
16:42 of 3rd period - Stopped by Peter Mannino with a rebound.
17:06 of 3rd period - Snap shot by Ryan Vesce.
17:06 of 3rd period - Stopped by Peter Mannino without a rebound.
17:07 of 3rd period - Valeri Bure wins face-off versus Rob Schremp in Scraper zone.
17:46 of 3rd period - Slapshot by Martins Karsums.
17:46 of 3rd period - Goal by Martins Karsums - Influenza : 5 - Scraper : 8.
17:47 of 3rd period - Justin Abdelkader wins face-off versus Logan Couture in neutral zone.
18:37 of 3rd period - Ryan Carter is hit by Roman Cervenka.
19:03 of 3rd period - Snap shot by Cody McCormick.
19:03 of 3rd period - Shot Misses the Net.
19:09 of 3rd period - Minor Penalty to Eric Gryba for Interference.
19:10 of 3rd period - Rob Schremp wins face-off versus Valeri Bure in Scraper zone.
19:11 of 3rd period - Slapshot by Justin Abdelkader.
19:11 of 3rd period - Stopped by Peter Mannino without a rebound.
19:12 of 3rd period - Rob Schremp wins face-off versus Valeri Bure in Scraper zone.
19:26 of 3rd period - Off-side.
19:27 of 3rd period - Rob Schremp wins face-off versus Valeri Bure in neutral zone.
19:47 of 3rd period - Icing by Rob Schremp.
19:48 of 3rd period - Valeri Bure wins face-off versus Rob Schremp in Influenza zone.
Goals for this period are 1 for Influenza vs 5 for Scraper.
Shots for this period are 8 for Influenza vs 19 for Scraper.
Output by the SimonT Hockey Simulator (STHS) for François Prévost -- Original Page W3C XHTML 1.0 Valid